 Dungeon Crawl Stone Soup version 0.18.1-50-g88ac8fd (webtiles) character file.

264333 varam the Ninja (level 19, -24/99 HPs)
             Began as a Spriggan Enchanter on Oct 9, 2016.
             Was the Champion of Makhleb.
             Killed from afar by a war gargoyle (44 damage)
             ... with a spray of metal splinters
             ... on level 2 of the Vaults.
             The game lasted 05:46:19 (53844 turns).

varam the Ninja (Spriggan Enchanter)               Turns: 53844, Time: 05:46:19

Health: -24/99     AC:  6    Str:  4    XL:     19   Next: 27%
Magic:  1/31       EV: 36    Int: 23    God:    Makhleb [******]
Gold:   1373       SH: 12    Dex: 28    Spells: 10 memorised, 6 levels left

rFire  + + .     SeeInvis +     w - +7 quick blade (elec)
rCold  + + .     Gourm    .     t - +0 robe {rC+ rF+}
rNeg   . . .     Faith    +     U - +2 buckler of Vehumet's Whim {rC+ Stlth+}
rPois  .         Spirit   .     s - +2 hat {MR+}
rElec  +         Dismiss  .     T - +1 cloak {+Inv}
rCorr  .         Reflect  .     (gloves unavailable)
SustAt .         Harm     .     (boots unavailable)
MR     ++++.                    C - amulet of faith
Stlth  ++++++++++               b - ring of Roanyza {rElec rC+ Slay+2}
                                V - ring of Yblyvyo {rF+ rC- Dex+10 Stlth+}

@: very slightly contaminated, drained, very quick, incredibly resistant to
hostile enchantments, uncannily stealthy
A: unfitting armour, see invisible, herbivore 3, speed 3, slow metabolism 2
a: Minor Destruction, Lesser Servant of Makhleb, Major Destruction, Greater
Servant of Makhleb, Renounce Religion, Evoke Invisibility
}: 2/15 runes: barnacled, gossamer


You were on level 2 of the Vaults.
You worshipped Makhleb.
Makhleb was exalted by your worship.
You were not hungry.

You visited 6 branches of the dungeon, and saw 35 of its levels.
You visited the Abyss 1 time.

You collected 3842 gold pieces.
You spent 2469 gold pieces at shops.

Inventory:

Hand Weapons
 w - a +7 quick blade of electrocution (weapon)
 x - a +2 dagger of speed
 I - the +5 short sword "Zeicuf" {freeze, *Confuse rC+ MR+++ MP+9}
   (You bought it in a shop on level 2 of the Shoals)

   It has been specially enchanted to freeze those struck by it, causing extra
   injury to most foes and up to half again as much damage against particularly
   susceptible opponents.
   It can also slow down cold-blooded creatures.
   It protects you from cold.
   It affects your resistance to hostile enchantments.
   It affects your magic capacity (+9).
   It may confuse you when you take damage.
Missiles
 A - 76 tomahawks (quivered)
Armour
 g - a +2 robe of magic resistance
 s - a +2 hat of magic resistance (worn)
 t - a +0 robe of resistance (worn)
 u - a +1 robe of cold resistance
 T - a +1 cloak of invisibility (worn)
 U - the +2 buckler of Vehumet's Whim (worn) {rC+ Stlth+}
   (You bought it in a shop on level 1 of the Shoals)

   It protects you from cold.
   It makes you more stealthy.
Jewellery
 b - the ring of Roanyza (right hand) {rElec rC+ Slay+2}
   (You bought it in a shop on level 2 of the Shoals)

   [ring of protection from cold]

   It affects your accuracy and damage with ranged weapons and melee attacks
   (+2).
   It protects you from cold.
   It insulates you from electricity.
 C - an amulet of faith (around neck)
 L - a +3 ring of slaying
 Q - an uncursed ring of protection from cold
 V - the ring of Yblyvyo (left hand) {rF+ rC- Dex+10 Stlth+}
   (You bought it in a shop on level 4 of the Dungeon)

   [ring of protection from fire]

   It affects your dexterity (+10).
   It protects you from fire.
   It makes you vulnerable to cold.
   It makes you more stealthy.
Wands
 h - a wand of digging (13/24)
 z - a wand of acid (10/15)
 G - a wand of slowing (18/48)
Scrolls
 a - 7 scrolls of magic mapping
 f - 15 scrolls of remove curse
 o - 4 scrolls of fog
 p - 3 scrolls of brand weapon
 r - 15 scrolls of teleportation
 v - 2 scrolls of summoning
 y - 5 scrolls of blinking
 E - 2 scrolls of amnesia
 F - 4 scrolls of fear
Potions
 e - 8 potions of might
 i - 13 potions of curing
 k - 7 potions of berserk rage
 l - 10 potions of flight
 B - 2 potions of heal wounds
 D - a potion of cure mutation {unknown}
 M - 2 potions of haste
 S - a potion of mutation
Books
 j - a book of Air

   Spells                             Type                      Level
   a - Shock                          Conjuration/Air              1
   b - Swiftness                      Charms/Air                   2
   c - Repel Missiles                 Charms/Air                   2
   d - Static Discharge               Conjuration/Air              3
   e - Lightning Bolt                 Conjuration/Air              5
 n - a book of the Tempests

   Spells                             Type                      Level
   a - Static Discharge               Conjuration/Air              3
   b - Lightning Bolt                 Conjuration/Air              5
   c - Fireball                       Conjuration/Fire             5
   d - Tornado                        Air                          9
   e - Shatter                        Earth                        9
 q - a book of Flames

   Spells                             Type                      Level
   a - Flame Tongue                   Conjuration/Fire             1
   b - Throw Flame                    Conjuration/Fire             2
   c - Conjure Flame                  Conjuration/Fire             3
   d - Inner Flame                    Hexes/Fire                   3
   e - Sticky Flame                   Conjuration/Fire             4
   f - Fireball                       Conjuration/Fire             5
Miscellaneous
 m - a phantom mirror
Comestibles
 d - 4 bread rations
 H - 18 fruits


   Skills:
 + Level 10.8(10.6) Fighting
 - Level 10.0(9.8) Short Blades
 - Level 15.0(14.7) Dodging
 O Level 27(26.6) Stealth
 - Level 7.3(7.1) Shields
 - Level 7.0(6.8) Spellcasting
 - Level 10.0(9.8) Hexes
 - Level 4.1(3.9) Charms
 - Level 6.6(6.4) Translocations
 + Level 15.3(15.1) Invocations
 + Level 12.7(12.4) Evocations


You had 6 spell levels left.
You knew the following spells:

 Your Spells              Type           Power        Failure   Level  Hunger
a - Ensorcelled Hibernat  Hex/Ice        ####..       1%          2    None
b - Regeneration          Chrm/Necr      ###.......   12%         3    None
c - Confuse               Hex            ######..     1%          3    None
d - Dazzling Spray        Conj/Hex       ####..       3%          3    None
e - Passage of Golubria   Tloc           N/A          8%          4    ###....
f - Teleport Other        Tloc           #####...     1%          3    None
g - Infusion              Chrm           ####         1%          1    None
h - Tukima's Dance        Hex            ######..     1%          3    None
i - Blink                 Tloc           N/A          1%          2    None
j - Repel Missiles        Chrm/Air       ###...       6%          2    None


Dungeon Overview and Level Annotations

Branches:
Dungeon (15/15)            Temple (0/1) D:6            Lair (8/8) D:10
 Shoals (4/4) Lair:3       Spider (4/4) Lair:3        Slime (0/6) Lair:8
    Orc (2/2) D:9             Elf (0/3) Orc:2        Vaults (2/5) D:14
 Depths (0/5) D:15
  Crypt: Vaults:2-3

Altars:
Fedhas
Makhleb
Pakellas
The Shining One
Beogh
Jiyva

Shops:
D:4 =   D:8 [   D:11 [   Orc:1 (   Orc:2 *([[   Shoals:1 ([?   Shoals:2 (((==
Vaults:1 =

Portals:
Trove: D:12 (give 18 scrolls of teleportation)

Annotations:
Lair:4 exclusion: oklob plant


Innate Abilities, Weirdness & Mutations

You are tiny and cannot use many weapons and most armour.
You have supernaturally acute eyesight.
You are a herbivore.
You cover ground extremely quickly.
You need consume almost no food.


Message History

You hit the war gargoyle but do no damage.
The war gargoyle is moderately damaged.
The orc warrior hits your cacodemon but does no damage.
Casting: Confuse
Confirm with . or Enter, or press ? or * to list all spells.
Aiming: Confuse
Press: ? - help, Shift-Dir - straight line, f/p - war gargoyle
Aim: a war gargoyle, wielding a flail of protection (moderately damaged, chance to defeat MR: 11%)
The war gargoyle resists with almost no effort.
Your cacodemon gestures at the orc warrior.
The orc warrior twists and deforms.
The war gargoyle hits you with a flail of protection!
* * * LOW HITPOINT WARNING * * *
The orc warrior misses your cacodemon.
Your cacodemon hits the orc warrior!! Your cacodemon hits the orc warrior!
The orc warrior dies!
Makhleb accepts your kill.
The war gargoyle launches metal splinters at you.
The spray of metal splinters hits you!
You die...

#......#...# # #......#...#
#..#......#...# #..#......#...#
.. #..########...#
...#.............# #.
...#.............# #..
..'.............# #...
#.....@.......# #''#
###.............# ## ##...#
#...............# ####.
##.(...####...9.........# #....
..#...#...##..########..# #....
>..###.....'..#......#..########.
..#.).#...##2.#......#(.##.....'.
#.....####().#......#..##..)..'.
###..)###..)).#....).#..##..####.


You could see a war gargoyle and a friendly cacodemon.

Vanquished Creatures
  Rupert (D:14)
  Asterion (Spider:2)
  A tentacled starspawn (Abyss:3)
  Ilsuiw (Shoals:3)
  An orc warlord (Orc:2)
  6 vault wardens
  The ghost of Lluna the Quickloader, an adept CeAM of Vehumet (Spider:3)
  2 ghost moths
  A ghost moth (shapeshifter) (D:15)
  Louise (D:15)
  5 ironheart preservers (Vaults:1)
  2 emperor scorpions
  A stone giant (Vaults:2)
  A salamander stormcaller (Vaults:2)
  Azrael (D:14)
  2 deep elf annihilators (Vaults:1)
  Nessos (Lair:6)
  3 starcursed masses (Abyss:3)
  A crystal guardian (D:15)
  Snorg (Orc:1)
  6 merfolk impalers
  3 fire dragons
  4 merfolk javelineers
  11 vault guards
  7 yaktaur captains
  An entropy weaver (Spider:3)
  An ice dragon (Vaults:2)
  4 hydras
  Erolcha (D:8)
  4 merfolk avatars (Shoals:2)
  5 centaur warriors
  4 ogre magi
  2 alligator snapping turtles
  4 merfolk aquamancers
  A death yak (Lair:4)
  9 satyrs (Shoals:4)
  A queen ant (Spider:2)
  An orc high priest (Orc:2)
  A salamander mystic (Vaults:2)
  7 sea snakes
  3 unseen horrors
  5 ironbrand convokers
  A necromancer (Vaults:1)
  An anubis guard (shapeshifter) (D:15)
  A lindwurm (Lair:8)
  11 hill giants
  A wolf spider zombie (D:15)
  A harpy (shapeshifter) (Abyss:3)
  6 orc knights
  A deep elf mage (D:12)
  3 orc sorcerers
  15 harpies
  8 manticores
  24 wolf spiders
  8 cyclopes
  17 orb spiders
  2 salamanders (Vaults:2)
  Joseph (D:8)
  A shining eye (shapeshifter) (D:15)
  27 ugly things
  23 fauns
  8 hornets
  11 griffons
  3 elephants (Lair:8)
  Maurice (D:11)
  A rust devil (Abyss:3)
  11 sirens
  A moth of wrath (Spider:2)
  5 vault sentinels
  5 black mambas
  5 water nymphs
  2 centaur skeletons
  12 spiny frogs
  7 torpor snails
  3 gargoyles
  A freezing wraith (Vaults:1)
  9 komodo dragons
  A yaktaur (shapeshifter) (Vaults:1)
  2 efreet
  3 rime drakes
  9 yaktaurs
  A human skeleton (Vaults:1)
  23 jumping spiders
  24 merfolk
  2 wind drakes
  12 demonic crawlers
  9 trolls
  A wind drake (shapeshifter) (Vaults:1)
  A shadow dragon simulacrum (Abyss:3)
  5 two-headed ogres
  2 large abominations (Abyss:3)
  3 giant leeches (Lair:8)
  6 boulder beetles
  Prince Ribbit (D:6)
  13 blink frogs
  10 slime creatures
  7 snapping turtles
  Grinder (D:3)
  A centaur simulacrum (D:12)
  An air elemental (Orc:2)
  4 spriggans
  Sigmund (D:2)
  6 flying skulls (Abyss:3)
  A stone giant simulacrum (Vaults:2)
  A ynoxinul (Abyss:3)
  A shadow (D:15)
  21 tarantellas
  37 redbacks
  3 wraiths (Vaults:1)
  2 spriggans (shapeshifter)
  A fire elemental (D:14)
  61 yaks
  9 water elementals
  5 wyverns
  2 hungry ghosts
  Eustachio (D:6)
  6 basilisks
  A neqoxec (Abyss:3)
  4 golden eyes (Abyss:3)
  11 hippogriffs
  A steam dragon (Lair:8)
  3 small abominations (Abyss:3)
  A yaktaur simulacrum (Vaults:1)
  4 mottled dragons
  An ogre zombie (Vaults:1)
  2 wargs
  20 soldier ants
  3 hell hounds
  13 water moccasins
  10 porcupines
  Duvessa (D:6)
  27 orc warriors
  3 swamp drakes (Lair:8)
  2 black bears
  2 sky beasts
  2 wasps (Lair:8)
  3 ice beasts
  26 ogres
  An eye of draining (D:10)
  2 phantoms
  21 crocodiles
  A wasp (shapeshifter) (D:15)
  4 wolves (Lair:4)
  31 centaurs
  3 necrophages
  A yaktaur zombie (Vaults:1)
  3 big kobolds
  37 giant frogs
  A wyvern zombie (D:12)
  Dowan (D:6)
  5 killer bees (D:13)
  4 wights
  6 electric eels
  12 howler monkeys
  8 crimson imps
  4 centaur zombies
  7 hounds
  18 orc priests
  3 giant frog zombies
  7 jellies
  19 orc wizards
  2 giant frog skeletons
  A gnoll shaman (D:5)
  An iron imp (Abyss:3)
  8 iguanas
  11 worker ants
  13 hell rats
  14 sheep
  3 hound zombies (D:7)
  A hound skeleton (D:11)
  7 gnolls
  13 adders
  51 river rats
  4 shadow imps
  A white imp (D:6)
  An ooze (D:3)
  15 worms
  A dart slug (D:1)
  9 giant geckos
  104 orcs
  10 giant cockroaches
  3 goblins
  11 hobgoblins
  12 jackals
  24 kobolds
  2 quokkas
  A ball python (D:1)
  9 bats
  A giant gecko skeleton (D:4)
  5 giant newts
  A goblin skeleton (D:6)
  A goblin zombie (D:6)
  2 hobgoblin zombies (D:6)
  2 kobold skeletons (D:6)
  3 kobold zombies (D:6)
  2 orc zombies (D:6)
  A quokka zombie (D:7)
  19 rats
  9 plants
1373 creatures vanquished.

Vanquished Creatures (collateral kills)
  Arachne (Spider:2)
  Jorgrun (Shoals:2)
  A tentacled starspawn (Abyss:3)
  A revenant (Vaults:2)
  Maud (D:11)
  An emperor scorpion (Spider:4)
  A ghost moth (Spider:4)
  An ironheart preserver (Vaults:2)
  A stone giant (Vaults:2)
  A merfolk javelineer (Shoals:4)
  A spark wasp (Spider:4)
  2 merfolk impalers (Shoals:4)
  4 vault guards
  An entropy weaver (Spider:1)
  A rakshasa (D:15)
  An ogre mage (Vaults:2)
  4 death yaks (Lair:4)
  Urug (Lair:3)
  An orc high priest (Orc:1)
  8 skeletal warriors (D:12)
  A giant orange brain (D:15)
  2 hill giants
  An ironbrand convoker (Vaults:2)
  4 harpies
  4 orb spiders
  2 deep elf magi
  A wolf spider (Spider:4)
  5 hornets (Spider:4)
  An ugly thing (D:11)
  3 slime creatures
  3 fauns (Shoals:4)
  An orc sorcerer (Orc:2)
  2 griffons
  3 elephants (Lair:8)
  A moth of wrath (Spider:4)
  A centaur zombie (D:15)
  A torpor snail (Lair:8)
  3 sirens
  A water nymph (Shoals:4)
  A black mamba (Lair:7)
  2 yaktaurs (Vaults:2)
  A rime drake (Lair:8)
  A komodo dragon (Lair:8)
  3 jumping spiders (Spider:2)
  2 trolls
  8 merfolk
  2 giant leeches (Lair:8)
  A snapping turtle (Shoals:2)
  A shadow (D:15)
  9 redbacks
  4 water elementals
  4 yaks
  A wyvern (D:11)
  A tarantella (Spider:2)
  3 hippogriffs
  A yaktaur simulacrum (Vaults:2)
  3 soldier ants (Spider:2)
  A water moccasin (Lair:7)
  4 orc warriors
  A sky beast (D:13)
  2 wasps
  An ice beast (D:15)
  An ogre (Orc:1)
  2 centaurs
  2 crocodiles
  A big kobold (D:13)
  A giant frog (Lair:3)
  2 wights (D:11)
  An electric eel (D:15)
  A crimson imp (D:15)
  3 orc priests (Orc:1)
  4 orc wizards (Orc:1)
  6 worker ants (Spider:2)
  A hell rat (Lair:4)
  9 sheep
  An adder (D:11)
  26 river rats
  A shadow imp (D:15)
  7 worms (Lair:8)
  8 orcs
  A quokka (D:11)
  A kobold (Vaults:2)
  2 rats (Lair:4)
  A fungus (Lair:8)
  6 plants
219 creatures vanquished.

Vanquished Creatures (others)
  An orc sorcerer (Vaults:2)
  2 yaktaurs
  A jumping spider (Spider:1)
  3 redbacks (Spider:4)
  A soldier ant (Spider:2)
  A giant frog (Lair:7)
  An orc priest (Vaults:2)
  An orc (Vaults:2)
  2 bushes (Shoals:2)
  17 fungi
  29 plants
  4 starspawn tentacles (Abyss:3)
63 creatures vanquished.

Grand Total: 1655 creatures vanquished

Notes
Turn   | Place    | Note
--------------------------------------------------------------
     0 | D:1      | varam the Spriggan Enchanter began the quest for the Orb.
     0 | D:1      | Reached XP level 1. HP: 9/9 MP: 5/5
   266 | D:1      | Reached skill level 5 in Stealth
   266 | D:1      | Reached XP level 2. HP: 10/13 MP: 4/6
   270 | D:1      | Learned a level 2 spell: Ensorcelled Hibernation
  1054 | D:2      | Reached XP level 3. HP: 16/16 MP: 8/8
  1279 | D:2      | Reached skill level 6 in Stealth
  1765 | D:2      | Reached XP level 4. HP: 21/21 MP: 9/9
  2075 | D:2      | Noticed Sigmund
  2203 | D:1      | Learned a level 3 spell: Confuse
  2592 | D:2      | Killed Sigmund
  2592 | D:2      | Reached skill level 7 in Stealth
  2592 | D:2      | Reached XP level 5. HP: 24/24 MP: 7/10
  2766 | D:3      | Reached XP level 6. HP: 28/28 MP: 11/11
  2965 | D:3      | Found a burning altar of Makhleb.
  3000 | D:3      | Became a worshipper of Makhleb the Destroyer
  3365 | D:3      | Noticed Grinder
  3368 | D:3      | Killed Grinder
  3368 | D:3      | Reached skill level 5 in Short Blades
  3368 | D:3      | Reached skill level 8 in Stealth
  3376 | D:3      | Reached * piety under Makhleb
  3389 | D:3      | Reached skill level 5 in Hexes
  3389 | D:3      | Reached XP level 7. HP: 29/32 MP: 1/13
  4086 | D:4      | Found Sules's Jewellery Shoppe.
  4123 | D:5      | Entered Level 5 of the Dungeon
  4188 | D:5      | Reached skill level 1 in Invocations
  4579 | D:5      | Reached ** piety under Makhleb
  4772 | D:6      | Found a glowing golden altar of the Shining One.
  4772 | D:6      | Noticed Eustachio
  4958 | D:6      | Found a staircase to the Ecumenical Temple.
  5145 | D:6      | Killed Eustachio
  5145 | D:6      | Reached XP level 8. HP: 35/36 MP: 7/15
  5406 | D:6      | Noticed Dowan
  5407 | D:6      | Noticed Duvessa
  5424 | D:6      | Killed Duvessa
  5432 | D:6      | Killed Dowan
  5808 | D:6      | Reached *** piety under Makhleb
  6373 | D:6      | Reached skill level 1 in Fighting
  6469 | D:6      | Reached skill level 5 in Dodging
  6567 | D:6      | Reached skill level 5 in Invocations
  6567 | D:6      | Reached XP level 9. HP: 43/43 MP: 7/16
  6585 | D:6      | Learned a level 2 spell: Blink
  6590 | D:6      | Learned a level 4 spell: Passage of Golubria
  6706 | D:6      | Noticed Prince Ribbit
  6721 | D:6      | Killed Prince Ribbit
  7090 | D:7      | Reached **** piety under Makhleb
  7130 | D:7      | Found a blossoming altar of Fedhas.
  7194 | D:7      | Reached skill level 9 in Stealth
  8055 | D:8      | Reached skill level 10 in Stealth
  8129 | D:8      | Found an oddly glowing altar of Pakellas.
  8158 | D:8      | Noticed Joseph
  8175 | D:8      | Killed Joseph
  8403 | D:8      | Reached skill level 11 in Stealth
  8404 | D:8      | Noticed Erolcha
  8413 | D:8      | Killed Erolcha
  8413 | D:8      | Reached XP level 10. HP: 49/49 MP: 12/17
  8590 | D:8      | Reached ***** piety under Makhleb
  8590 | D:8      | Reached skill level 12 in Stealth
  8780 | D:8      | Found Lysywirr's Antique Armour Emporium.
  8802 | D:8      | Bought a runed robe for 23 gold pieces
  9054 | D:9      | Found a staircase to the Orcish Mines.
  9519 | D:9      | Reached skill level 5 in Spellcasting
  9704 | D:9      | You fall through a shaft!
  9704 | D:10     | Entered Level 10 of the Dungeon
  9757 | D:10     | Found a staircase to the Lair.
 10039 | D:10     | Noticed a hill giant
 10072 | D:10     | Killed a hill giant
 10095 | D:10     | Noticed a gargoyle
 10416 | D:10     | Killed a gargoyle
 10445 | D:10     | Learned a level 3 spell: Regeneration
 10449 | D:10     | Learned a level 3 spell: Teleport Other
 10587 | D:10     | Reached skill level 5 in Fighting
 10609 | D:10     | Noticed a hill giant
 10710 | D:10     | Killed a hill giant
 10710 | D:10     | Reached XP level 11. HP: 55/55 MP: 22/22
 11288 | D:11     | Found Vyobbevve's Armour Shop.
 11291 | D:11     | Noticed a hill giant
 11298 | D:11     | Killed a hill giant
 11348 | D:11     | Noticed a hill giant
 11353 | D:11     | Killed a hill giant
 11457 | D:11     | Noticed an unseen horror
 11477 | D:11     | Killed an unseen horror
 11569 | D:11     | Noticed Maurice
 11593 | D:11     | Killed Maurice
 11632 | D:11     | Noticed a brown ugly thing
 11663 | D:11     | Killed a brown ugly thing
 12183 | D:12     | Learned a level 1 spell: Infusion
 12192 | D:12     | Noticed a hill giant
 12206 | D:12     | Killed a hill giant
 12206 | D:12     | Reached skill level 10 in Hexes
 12206 | D:12     | Reached skill level 1 in Charms
 12311 | D:11     | Noticed Maud
 12311 | D:11     | Noticed a hill giant
 12350 | D:11     | Killed Maud
 12350 | D:11     | Reached skill level 10 in Short Blades
 12563 | Lair:1   | Entered Level 1 of the Lair of Beasts
 12570 | D:10     | Learned a level 3 spell: Tukima's Dance
 12870 | Lair:1   | Reached ****** piety under Makhleb
 13040 | Lair:1   | Reached skill level 10 in Dodging
 13365 | Lair:1   | Reached skill level 13 in Stealth
 13418 | Lair:1   | Reached XP level 12. HP: 61/61 MP: 19/23
 15031 | Lair:3   | Reached skill level 14 in Stealth
 15240 | Lair:3   | Found a hole to the Spider Nest.
 15318 | Lair:3   | Found a runed door.
 15332 | Lair:3   | Noticed a five-headed hydra
 15378 | Lair:3   | Killed a five-headed hydra
 15449 | Lair:3   | Noticed a seven-headed hydra
 15484 | Lair:3   | Killed a seven-headed hydra
 15517 | Lair:3   | Learned a level 3 spell: Recall
 15724 | Lair:3   | Noticed Urug
 15849 | Lair:3   | Killed Urug
 15849 | Lair:3   | Reached skill level 15 in Stealth
 15864 | Lair:3   | Found a staircase to the Shoals.
 16438 | Lair:4   | Noticed an eight-headed hydra
 16490 | Lair:4   | Killed an eight-headed hydra
 16736 | Lair:5   | Noticed a four-headed hydra
 16763 | Lair:5   | Killed a four-headed hydra
 16811 | Lair:5   | Reached XP level 13. HP: 66/66 MP: 15/24
 17107 | Lair:4   | Reached skill level 5 in Translocations
 19689 | Lair:6   | Noticed Nessos
 19724 | Lair:6   | Killed Nessos
 21409 | Lair:8   | Entered Level 8 of the Lair of Beasts
 21477 | Lair:8   | Reached skill level 16 in Stealth
 22037 | D:4      | Bought the ring of Yblyvyo {rF+ rC- Dex+10 Stlth+} for 488 gold pieces
 22412 | Lair:8   | Found a viscous altar of Jiyva.
 22671 | Lair:8   | Found a staircase to the Slime Pits.
 23131 | Lair:8   | Reached skill level 10 in Invocations
 23196 | Lair:8   | Reached XP level 14. HP: 72/72 MP: 4/25
 23516 | Lair:8   | Found a runed door.
 24289 | Lair:8   | Reached skill level 17 in Stealth
 24622 | Orc:1    | Entered Level 1 of the Orcish Mines
 24700 | Orc:1    | Noticed Snorg
 24718 | Orc:1    | Killed Snorg
 24756 | Orc:1    | Found Qekozec's Distillery.
 24782 | Orc:1    | Found Deorech's Antique Weapon Boutique.
 25401 | Orc:2    | Entered Level 2 of the Orcish Mines
 25862 | Orc:2    | Found a roughly hewn altar of Beogh.
 26449 | Orc:2    | Found Zeguhid's Antique Armour Shoppe.
 26454 | Orc:2    | Bought an embroidered robe for 17 gold pieces
 26665 | Orc:2    | Found a roughly hewn altar of Beogh.
 26741 | Orc:2    | Found a roughly hewn altar of Beogh.
 26741 | Orc:2    | Found Koeg's General Store.
 27555 | Orc:2    | Bought a royal jelly for 36 gold pieces
 27581 | Orc:2    | Noticed an orc warlord
 28362 | Orc:2    | Found a staircase to the Elven Halls.
 28366 | Orc:2    | Found a roughly hewn altar of Beogh.
 28722 | Orc:2    | Reached skill level 15 in Dodging
 29026 | Orc:2    | Killed an orc warlord
 29190 | Orc:2    | Found Koxtitoc's Antique Weapon Shoppe.
 29190 | Orc:2    | Found a roughly hewn altar of Beogh.
 29198 | Orc:2    | Found Kairr's Antique Armour Emporium.
 29233 | Orc:2    | Bought a runed robe for 19 gold pieces
 29233 | Orc:2    | Bought a runed robe for 19 gold pieces
 30192 | D:11     | Reached skill level 18 in Stealth
 31747 | D:10     | Learned a level 3 spell: Dazzling Spray
 32249 | D:12     | Found a portal to a secret trove of treasure.
 32714 | D:13     | Reached XP level 15. HP: 79/79 MP: 1/26
 33442 | D:14     | Noticed Azrael
 33495 | D:15     | Entered Level 15 of the Dungeon
 33784 | D:14     | Noticed Rupert
 33796 | D:14     | Killed Rupert
 33979 | D:14     | Killed Azrael
 33979 | D:14     | Reached skill level 19 in Stealth
 34215 | D:14     | Found a gate to the Vaults.
 34473 | D:14     | Reached skill level 10 in Fighting
 34619 | D:15     | Noticed Louise
 34741 | D:15     | Found a runed door.
 34946 | D:15     | Identified the Grimoire of Congealing Fire
 35699 | D:15     | Reached skill level 20 in Stealth
 36373 | D:15     | Killed Louise
 36657 | D:15     | Found a staircase to the Depths.
 36658 | D:15     | Noticed a ghost moth
 36662 | D:15     | Killed a ghost moth
 37481 | Spider:1 | Entered Level 1 of the Spider Nest
 37593 | Spider:1 | Reached skill level 1 in Shields
 37824 | Spider:1 | Reached XP level 16. HP: 86/86 MP: 27/27
 38020 | Spider:1 | Got a warped falchion
 38026 | Spider:1 | Identified the +6 falchion "Demonslayer" {elec, rN+ Dex+4} (You found it on level 1 of the Spider Nest)
 38689 | Spider:2 | Noticed Asterion
 38693 | Spider:2 | Killed Asterion
 38693 | Spider:2 | Reached skill level 21 in Stealth
 38758 | Spider:4 | Entered Level 4 of the Spider Nest
 38838 | Spider:2 | Noticed Arachne
 38854 | Spider:2 | Killed Arachne
 39528 | Spider:2 | You fall through a shaft!
 40018 | Spider:3 | Noticed Lluna's ghost (adept CeAM)
 40031 | Spider:3 | Killed Lluna's ghost
 40031 | Spider:3 | Reached skill level 5 in Shields
 42296 | Spider:4 | Reached skill level 22 in Stealth
 42499 | Spider:4 | Reached XP level 17. HP: 90/90 MP: 4/28
 42860 | Spider:4 | Got a gossamer rune of Zot
 43047 | Shoals:1 | Entered Level 1 of the Shoals
 43047 | Shoals:1 | Found Woucoop's Weapon Shop.
 43366 | Shoals:1 | Found Ulu Tol's Magic Scroll Boutique.
 43773 | Shoals:2 | Found Rayzil's Jewellery Shop.
 44021 | Shoals:1 | Found Cava's Armour Emporium.
 44029 | Shoals:1 | Bought a +1 cloak of invisibility for 264 gold pieces
 44029 | Shoals:1 | Bought the +2 buckler of Vehumet's Whim {rC+ Stlth+} for 500 gold pieces
 44094 | Shoals:1 | Bought a scroll of fear for 45 gold pieces
 44094 | Shoals:1 | Bought a scroll of blinking for 97 gold pieces
 44094 | Shoals:1 | Bought a scroll of identify for 26 gold pieces
 44293 | Shoals:2 | Identified a scroll of acquirement
 44762 | Shoals:2 | Found Aptiwk's Antique Weapon Shop.
 44762 | Shoals:2 | Found Inainowo's Jewellery Shop.
 44771 | Shoals:2 | Bought the ring of Roanyza {rElec rC+ Slay+2} for 663 gold pieces
 44816 | Shoals:1 | Reached skill level 1 in Evocations
 44962 | Shoals:2 | Found Paerph's Antique Weapon Emporium.
 44988 | Shoals:2 | Found Geirenex's Weapon Emporium.
 45426 | Shoals:2 | Noticed Jorgrun
 45445 | Shoals:2 | Killed Jorgrun
 45837 | Shoals:4 | Entered Level 4 of the Shoals
 45881 | Shoals:4 | Reached skill level 5 in Evocations
 46235 | Shoals:3 | Reached skill level 23 in Stealth
 46677 | Shoals:3 | Reached skill level 15 in Invocations
 46930 | Shoals:3 | Cast into level 3 of the Abyss (a Zot trap)
 46997 | Abyss:3  | Found a corrupted altar of Lugonu.
 47395 | Shoals:3 | Escaped the Abyss
 48116 | Shoals:4 | Learned a level 2 spell: Repel Missiles
 48535 | Shoals:4 | Reached skill level 24 in Stealth
 48572 | Shoals:4 | Reached XP level 18. HP: 68/95 MP: 3/30
 48700 | Shoals:4 | Got a barnacled rune of Zot
 48800 | Shoals:4 | Noticed Ilsuiw
 49483 | Shoals:3 | Killed Ilsuiw
 49483 | Shoals:3 | Reached skill level 25 in Stealth
 50583 | Shoals:2 | Bought a pitted short sword for 272 gold pieces
 50583 | Shoals:2 | Identified the +5 short sword "Zeicuf" {freeze, *Confuse rC+ MR+++ MP+9} (You bought it in a shop on level 2 of the Shoals)
 50912 | Vaults:1 | Entered Level 1 of the Vaults
 50952 | Vaults:1 | Reached skill level 26 in Stealth
 51480 | Vaults:1 | Found Janwoum's Jewellery Shoppe.
 52068 | Vaults:1 | Reached skill level 10 in Evocations
 52347 | Vaults:1 | Reached skill level 27 in Stealth
 52774 | Vaults:1 | Reached XP level 19. HP: 85/99 MP: 3/31
 53844 | Vaults:2 | Killed from afar by a war gargoyle

Skill      XL: |  1  2  3  4  5  6  7  8  9 10 11 12 13 14 15 16 17 18 19 |
---------------+----------------------------------------------------------+-----
Stealth        | 5 6 7 8 11 12 13 15 16 18 20 22 24 27 | 27.0
Short Blades   | 2 3 4 5 6 8 10 | 10.0
Spellcasting   | 3 4 7 |  7.0
Hexes          | 5 7 8 10 | 10.0
Invocations    | 2 5 7 10 11 13 14 15 | 15.3
Fighting       | 2 3 5 6 7 9 10 | 10.8
Dodging        | 5 8 10 12 14 15 | 15.0
Translocations | 3 4 6 |  6.6
Charms         | 3 4 |  4.1
Shields        | 1 6 7 |  7.3
Evocations     | 8 11 12 | 12.7

Action                   |  1- 3 |  4- 6 |  7- 9 | 10-12 | 13-15 | 16-18 | 19-21 || total
-------------------------+-------+-------+-------+-------+-------+-------+-------++-------
Melee: Dagger            |   127 |    77 |   231 |   408 |   504 |       |       ||  1347
       Trident           |       |       |       |   174 |   349 |       |       ||   523
       Rapier            |       |       |       |    28 |    15 |       |       ||    43
       Short sword       |       |       |       |       |   623 |   493 |       ||  1116
       Falchion          |       |       |       |       |       |    12 |       ||    12
       Quick blade       |       |       |       |       |       |   731 |   102 ||   833
Throw: Tomahawk          |       |       |     3 |     3 |    10 |    13 |       ||    29
 Cast: Corona            |    16 |     6 |       |       |       |       |       ||    22
       Ensorcelled Hiber |    14 |    26 |    35 |    52 |    30 |     6 |       ||   163
       Confuse           |       |       |    50 |   140 |   517 |   414 |    45 ||  1166
       Regeneration      |       |       |       |     3 |     4 |     4 |       ||    11
       Infusion          |       |       |       |     2 |     2 |     1 |       ||     5
       Recall            |       |       |       |     1 |       |       |       ||     1
       Blink             |       |       |       |       |     7 |     3 |       ||    10
       Teleport Other    |       |       |       |       |     3 |       |       ||     3
       Dazzling Spray    |       |       |       |       |    11 |    59 |     3 ||    73
       Repel Missiles    |       |       |       |       |       |     6 |       ||     6
       Passage of Golubr |       |       |       |       |       |     1 |       ||     1
       Tukima's Dance    |       |       |       |       |       |     1 |       ||     1
Invok: Minor Destruction |       |       |    14 |    45 |    76 |    47 |     4 ||   186
       Lesser Servant of |       |       |     1 |    15 |    49 |    13 |     6 ||    84
       Major Destruction |       |       |       |     8 |    27 |    22 |     5 ||    62
       Greater Servant o |       |       |       |       |     8 |    28 |     4 ||    40
 Abil: Evoke Invisibilit |       |       |       |       |       |     4 |     2 ||     6
  Use: Scroll            |       |       |       |    13 |    15 |    12 |       ||    40
       Potion            |       |       |       |       |     3 |     5 |     1 ||     9
 Stab: Sleeping          |    18 |    26 |    69 |    82 |   141 |   112 |     3 ||   451
       Confused          |       |       |    31 |    98 |   282 |   213 |    22 ||   646
       Distracted        |       |       |     2 |     3 |    14 |    18 |       ||    37
       Invisible         |       |       |       |       |     4 |    43 |     8 ||    55
  Eat: Pizza             |       |     1 |       |       |       |     1 |       ||     2
       Bread ration      |       |       |     2 |     2 |     5 |     4 |     1 ||    14
       Fruit             |       |       |     1 |     1 |     1 |       |       ||     3
       Royal jelly       |       |       |       |       |     1 |       |     1 ||     2
Armor: Robe              |    16 |    11 |     7 |    13 |    24 |    24 |     1 ||    96
Dodge: Dodged            |   102 |    44 |    58 |   201 |   792 |   699 |    51 ||  1947
       Deflected         |       |       |       |       |       |    19 |     2 ||    21
Block: Buckler           |       |       |       |       |    13 |   388 |    34 ||   435
